 Dungeon Crawl Stone Soup version 0.24.0-13-gcf9b3192b9 (webtiles) character file.

Game seed: 610160530143301672, levelgen mode: deterministic

86 Midas the Ducker (level 4, 0/26 HPs)
             Began as a Deep Elf Gladiator on Nov 10, 2019.
             Was an Initiate of Gozag.
             Slain by an orc wizard
             ... wielding a +0 dagger
              (1 damage)
             ... on level 3 of the Dungeon.
             The game lasted 00:03:39 (2293 turns).

Midas the Ducker (Deep Elf Gladiator)               Turns: 2293, Time: 00:03:40

Health: 0/26       AC:  6    Str: 11    XL:     4   Next: 26%
Magic:  6/6        EV: 12    Int: 19    God:    Gozag
Gold:   328        SH:  2    Dex: 16    Spells: 3/3 levels left

rFire    . . .     SeeInvis .   a - +0 rapier
rCold    . . .     Gourm    .   (no shield)
rNeg     . . .     Faith    .   i - +0 ring mail
rPois    .         Spirit   .   c - +0 helmet
rElec    .         Reflect  +   (no cloak)
rCorr    .         Harm     .   (no gloves)
MR       .....                  (no boots)
Stlth    +.........             h - +2 amulet of reflection
HPRegen  0.08/turn              (no ring)
MPRegen  0.10/turn              (no ring)

@: brilliant
A: no striking features
a: Potion Petition, Call Merchant, Bribe Branch, Renounce Religion


You were on level 3 of the Dungeon.
You worshipped Gozag.
Gozag was aware of your devotion.
You were very hungry.

You visited 1 branch of the dungeon, and saw 3 of its levels.

You collected 376 gold pieces.
You paid 48 gold pieces to Gozag.

Inventory:

Hand Weapons
 a - a +0 rapier (weapon)
 o - a +0 falchion of slicing
 r - a +1 dagger of protection
Missiles
 d - 3 throwing nets (quivered)
Armour
 b - a +0 leather armour
 c - a +0 helmet (worn)
 i - a +0 ring mail (worn)
Jewellery
 h - a +2 amulet of reflection (around neck)
Scrolls
 e - 2 scrolls of teleportation
 g - a scroll of amnesia {unknown}
 j - a scroll of identify
Potions
 l - a potion of mutation {unknown}
 m - a potion of invisibility {unknown}
 n - 3 potions of brilliance
 p - a potion of heal wounds {unknown}
 q - a potion of cancellation {unknown}
Comestibles
 f - 6 rations


   Skills:
 + Level 2.2 Fighting
 * Level 4.2 Short Blades
 - Level 2.0 Throwing
 + Level 4.4 Dodging


You had 3 spell levels left.
You didn't know any spells.
Your spell library was empty.

Dungeon Overview and Level Annotations

Branches:
Dungeon (3/15)

Altars:
Elyvilon
Fedhas
Gozag
Trog


Message History

The orc priest hits you but does no damage.
The orc wizard barely misses you.
It was a potion of brilliance.
You feel clever all of a sudden.
The orc wizard hits you but does no damage.
The orc priest invokes the aid of Beogh against you.
You barely resist.
It was a potion of curing.
You feel better.
The orc wizard hits you with a +0 dagger.
The orc priest closely misses you. The orc wizard misses you.
You hit the orc priest.
The orc priest is almost dead.
The orc wizard gestures at you while chanting.
The magic dart hits you.
* * * LOW HITPOINT WARNING * * *
The orc priest hits you with a +0 club.
* * * LOW HITPOINT WARNING * * *
The orc wizard hits you with a +0 dagger.
You die...
Your body crumbles into a pile of gold.

...... .. .......
.. ......# .#
....# .# ...# .#
##.## .#
#####...##.#####.
#...(..o@.$.$>...
#.###...##.......
##o## ####### #
#o# ###.## #.#
......##.#
.........#
.##.#....#####
#.####)....#


You could see an orc priest, an orc wizard and an orc.

Vanquished Creatures
  An adder (D:2)
  3 worms
  2 leopard geckos (D:2)
  An orc (D:3)
  5 bats
  7 giant cockroaches
  4 goblins
  12 hobgoblins
  3 jackals (D:2)
  6 kobolds
  6 frilled lizards
  12 rats
62 creatures vanquished.

Notes
Turn   | Place    | Note
-------+----------+-------------------------------------------
     0 | D:1      | Midas the Deep Elf Gladiator began the quest for the Orb.
     0 | D:1      | Reached XP level 1. HP: 12/12 MP: 3/3
   110 | D:1      | Reached XP level 2. HP: 16/17 MP: 4/4
   932 | D:2      | Found a blossoming altar of Fedhas.
   932 | D:2      | Found an opulent altar of Gozag.
   941 | D:2      | Became a worshipper of Gozag Ym Sagoz the Greedy
  1006 | D:2      | Reached XP level 3. HP: 9/21 MP: 5/5
  1451 | D:2      | Found a bloodstained altar of Trog.
  1589 | D:2      | Found a white marble altar of Elyvilon.
  1792 | D:2      | Reached XP level 4. HP: 26/26 MP: 6/6
  1910 | D:2      | Found a bloodstained altar of Trog.
  2292 | D:3      | HP: 1/26 [orc priest/+0 club (5)]
  2293 | D:3      | Slain by an orc wizard

Levels and vault maps discovered:
D:1:      erik_arrival_triangle_small, layout_rooms,
          chequers_serial_rivers_micro_c, minmay_pentomino_o2
D:2:      layout_rooms, lightli_temple_of_fire, lemuel_doored_altar,
          chequers_temple_overflow_statue_of_worship, bloody_trog
D:3:      layout_loops_ring, kennysheep_nub

Skill      XL: |  1  2  3 |
---------------+----------+-----
Dodging        | 4 |  4.4
Fighting       | 2 |  2.2
Short Blades   | 4 |  4.2
Throwing       | |  2.0

Action                   |  1- 3 |  4- 6 || total
-------------------------+-------+-------++-------
Melee: Rapier            |   176 |    62 ||   238
Throw: Throwing net      |     1 |       ||     1
  Use: Scroll            |       |     2 ||     2
       Potion            |       |     2 ||     2
 Stab: Sleeping          |     2 |       ||     2
       Held in net/web   |     1 |       ||     1
  Eat: Ration            |     1 |       ||     1
Armor: Leather armour    |    13 |       ||    13
       Ring mail         |    39 |    16 ||    55
Dodge: Dodged            |   129 |    31 ||   160
Block: Other             |     8 |     3 ||    11
